 Dungeon Sprint DCSS version 0.18.1-5-g4a78601 (webtiles) character file.

161 Hipnos the Covert (level 5, -3/25 HPs)
             Began as a Spriggan Enchanter on May 14, 2016.
             Was an Initiate of Sif Muna.
             Killed from afar by a deep elf mage (28 damage)
             ... with a bolt of cold
             ... in the Dungeon (Sprint III: "The Ten Rune Challenge").
             The game lasted 00:03:17 (661 turns).

Hipnos the Covert (Spriggan Enchanter)               Turns: 661, Time: 00:03:17

Health: -3/25      AC:  3    Str:  4    XL:     5   Next: 18%
Magic:  8/14       EV: 20    Int: 17    God:    Sif Muna [......]
Gold:   31         SH:  0    Dex: 17    Spells: 3 memorised, 9 levels left

rFire  + . .     SeeInvis +     a - +1 dagger
rCold  . . .     Gourm    .     b - +1 robe
rNeg   . . .     Faith    .     (shield restricted)
rPois  .         Spirit   .     (helmet restricted)
rElec  .         Dismiss  .     (no cloak)
rCorr  .         Reflect  .     (gloves unavailable)
SustAt .         Harm     .     (boots unavailable)
MR     .....     NoTele   +     (no amulet)
Stlth  ++++++....               (no ring)
                                (no ring)

@: very quick, not resistant to hostile enchantments, very stealthy
A: unfitting armour, see invisible, fire resistance 1, herbivore 3, speed 3,
mutation resistance 1, slow metabolism 2
a: Renounce Religion


You were in the Dungeon.
You worshipped Sif Muna.
Sif Muna was noncommittal.
You were not hungry.

You visited 1 branch You collected 31 gold pieces.

Inventory:

Hand Weapons
 a - a +1 dagger (weapon)
Armour
 b - a +1 robe (worn)
Scrolls
 j - a scroll of blinking
 k - a scroll of immolation {unknown}
 l - 2 scrolls of identify {unknown}
 m - a scroll of remove curse {unknown}
 q - a scroll of holy word {unknown}
 r - a scroll of magic mapping {unknown}
Potions
 e - a potion of curing
 f - a potion of heal wounds
 g - a potion of haste
 h - 2 potions of magic
 o - 3 potions of cure mutation
 p - a potion of cancellation {unknown}
 s - a potion of berserk rage
Books
 c - a book of Maledictions

   Spells                             Type                      Level
   a - Corona                         Hexes                        1
   b - Ensorcelled Hibernation        Hexes/Ice                    2
   c - Confuse                        Hexes                        3
   d - Tukima's Dance                 Hexes                        3
   e - Dazzling Spray                 Conjuration/Hexes            3
 i - a book of Transfigurations

   Spells                             Type                      Level
   a - Irradiate                      Conjuration/Transmutation    5
   b - Statue Form                    Transmutation/Earth          6
   c - Hydra Form                     Transmutation                6
   d - Dragon Form                    Transmutation                7
 t - a book of Minor Magic

   Spells                             Type                      Level
   a - Magic Dart                     Conjuration                  1
   b - Blink                          Translocation                2
   c - Call Imp                       Summoning                    2
   d - Repel Missiles                 Charms/Air                   2
   e - Slow                           Hexes                        2
   f - Conjure Flame                  Conjuration/Fire             3
   g - Mephitic Cloud                 Conjuration/Poison/Air       3
Comestibles
 d - a bread ration
 n - 2 royal jellies


   Skills:
 + Level 0.5 Fighting
 + Level 1.7 Short Blades
 + Level 4.4 Dodging
 * Level 11.2 Stealth
 * Level 5.8 Spellcasting
 * Level 8.1 Hexes


You had 9 spell levels left.
You knew the following spells:

 Your Spells              Type           Power        Failure   Level  Hunger
a - Corona                Hex            ####...      1%          1    None
b - Ensorcelled Hibernat  Hex/Ice        ###...       3%          2    #......
c - Confuse               Hex            ####....     1%          3    ##.....


Dungeon Overview and Level Annotations

Branches:
Dungeon (1/1)

Altars:
Elyvilon
Kikubaaqudgha
Sif Muna
Vehumet
Zin
The Shining One


Innate Abilities, Weirdness & Mutations

You are tiny and cannot use many weapons and most armour.
You have supernaturally acute eyesight.
You are a herbivore.
You cover ground extremely quickly.
You need consume almost no food.
Your flesh is heat resistant.
You are somewhat resistant to further mutation.


Message History

Aiming: Ensorcelled Hibernation
Press: ? - help, Shift-Dir - straight line, f - deep elf mage
Aim: a deep elf mage, wielding a long sword of holy wrath (chance to defeat MR: 31%)
Okay, then.
Casting: Ensorcelled Hibernation
Confirm with . or Enter, or press ? or * to list all spells.
Aiming: Confuse
Press: ? - help, Shift-Dir - straight line, f - deep elf mage
Aim: a deep elf mage, wielding a long sword of holy wrath (chance to defeat MR: 43%)
The deep elf mage resists with some effort.
Casting: Confuse
Confirm with . or Enter, or press ? or * to list all spells.
Aiming: Confuse
Press: ? - help, Shift-Dir - straight line, f/p - deep elf mage
Aim: a deep elf mage, wielding a long sword of holy wrath (chance to defeat MR: 43%)
The deep elf mage resists with some effort.
The deep elf mage casts a spell at you. The bolt of cold hits you!
Ouch! That really hurt!
You die...

▓▓▓▓ ▓▓▓ %..####
##.#####
......#####..#___#
...[...#..#..#!e.#
#.##...#..#..###@#+###+#
#.###..##'#..#..........
##.##..###...'.⌠........
..##..####...#)..######+
..##..###÷...#.⌠.#
.##†..##.....#...#
##....#......#'###
##..##.#.....#.).# #..
####....#___#


You could see a deep elf mage.

Vanquished Creatures
  A water elemental (D)
  Jessica (D)
  A wizard (D)
  A human (D)
  A kobold demonologist (D)
  A wolf (D)
  An ooze (D)
  2 rats (D)
9 creatures vanquished.

Vanquished Creatures (others)
  2 draconian scorchers (D)
  2 yaktaurs (D)
  5 plants (D)
9 creatures vanquished.

Grand Total: 18 creatures vanquished

Notes
Turn   | Place    | Note
--------------------------------------------------------------
     0 | D        | Hipnos the Spriggan Enchanter began the quest for the Orb.
     0 | D        | Reached XP level 1. HP: 9/9 MP: 5/5
    22 | D        | Reached skill level 5 in Stealth
    33 | D        | Noticed Jessica
    33 | D        | Killed a yaktaur
    39 | D        | Killed a yaktaur
    45 | D        | Killed Jessica
    45 | D        | Reached skill level 7 in Stealth
    45 | D        | Reached skill level 5 in Hexes
    45 | D        | Reached XP level 2. HP: 2/13 MP: 5/8
    45 | D        | Reached XP level 3. HP: 3/16 MP: 5/9
    72 | D        | Learned a level 2 spell: Ensorcelled Hibernation
    76 | D        | Learned a level 3 spell: Confuse
   156 | D        | Killed a white draconian scorcher
   202 | D        | Killed a white draconian scorcher
   379 | D        | Reached skill level 8 in Stealth
   435 | D        | Gained mutation: Your flesh is heat resistant. [potion of mutation]
   435 | D        | Gained mutation: You are somewhat resistant to further mutation. [potion of mutation]
   452 | D        | Noticed a water elemental
   455 | D        | Killed a water elemental
   455 | D        | Reached skill level 10 in Stealth
   455 | D        | Reached skill level 5 in Spellcasting
   455 | D        | Reached XP level 4. HP: 21/21 MP: 12/12
   459 | D        | Found a radiant altar of Vehumet.
   459 | D        | Found a deep blue altar of Sif Muna.
   459 | D        | Found an ancient bone altar of Kikubaaqudgha.
   467 | D        | Reached skill level 11 in Stealth
   467 | D        | Reached XP level 5. HP: 10/25 MP: 7/14
   472 | D        | Became a worshipper of Sif Muna the Loreminder
   658 | D        | Found a glowing silver altar of Zin.
   658 | D        | Found a glowing golden altar of the Shining One.
   658 | D        | Found a white marble altar of Elyvilon.
   659 | D        | Noticed a deep elf mage
   661 | D        | Killed from afar by a deep elf mage

Skill      XL: |  1  2  3  4 |
---------------+-------------+-----
Stealth        | 7 10 11 | 11.2
Spellcasting   | 4 5 |  5.8
Hexes          | 5 7 8 |  8.1
Dodging        | 4 |  4.4
Fighting       | |  0.5
Short Blades   | |  1.7

Action                   |  1- 3 |  4- 6 || total
-------------------------+-------+-------++-------
Melee: Dagger            |    19 |     2 ||    21
 Cast: Corona            |     1 |       ||     1
       Ensorcelled Hiber |     1 |     3 ||     4
       Confuse           |       |     2 ||     2
  Use: Potion            |     3 |       ||     3
 Stab: Sleeping          |     5 |     2 ||     7
Armor: Robe              |     1 |     1 ||     2
Dodge: Dodged            |     9 |     3 ||    12
